Map: Romanticide LE

Players

Ganjhaman - Winner!

  • Race: Protoss Protoss
  • League: Diamond
  • Spawn Location: 11:00

Lanthus

  • Race: Terran Terran
  • League: Diamond
  • Spawn Location: 5:00

VOD

Have the link to the VOD?

Description

Time

  • Played on: Dec. 20, 2020, 6:05 p.m.
  • Length: 12:43
Show
View Real Time Build Order
Export as new Build Order

Ganjhaman Protoss - Winner!

Build Orders: 1 Gate Expand, Blink Stalkers, Chargelot Immortal 

Get SALT Encoding   

  12  0:00  Probe  
  13  0:12  Probe  
  14  0:17  Pylon  
  14  0:24  Probe (Chrono Boost)  
  15  0:37  Probe (Chrono Boost)  
  15  0:39  Gateway  
  16  0:44  Probe (Chrono Boost)  
  16  0:48  Assimilator  
  17  0:51  Probe  
  18  1:03  Probe  
  19  1:15  Probe  
  20  1:27  Cybernetics Core  
  20  1:37  Nexus  
  20  1:45  Pylon  
  20  1:46  Probe  
  21  1:53  Assimilator  
  21  1:58  Probe  
  21  2:01  Adept (Chrono Boost)  
  22  2:06  Warp Gate  
  24  2:10  Probe  
  25  2:23  Probe, Adept  
  27  2:41  Probe (Chrono Boost)  
  28  2:50  Twilight Council, Probe (Chrono Boost)  
  29  2:53  Probe (Chrono Boost)  
  30  2:59  Adept  
  30  3:01  Probe (Chrono Boost)  
  30  3:02  Probe (Chrono Boost)  
  34  3:05  Probe (Chrono Boost)  
  34  3:08  Probe  
  34  3:10  Gateway  
  36  3:16  Probe  
  37  3:21  Probe  
  38  3:28  Probe  
  39  3:36  Probe  
  39  3:40  Probe  
  41  3:44  Blink (Chrono Boost)  
  41  3:48  Probe  
  42  3:52  Gateway  
  42  3:53  Probe  
  42  3:54  Robotics Facility  
  43  4:00  Probe  
  44  4:05  Probe  
  43  4:12  Probe  
  43  4:13  Assimilator  
  43  4:14  Pylon  
  43  4:16  Stalker  
  46  4:18  Pylon  
  46  4:28  Pylon  
  46  4:32  Probe x2, Nexus  
  46  4:35  Stalker  
  50  4:40  Stalker  
  50  4:44  Probe (Chrono Boost)  
  54  4:46  Probe (Chrono Boost)  
  54  4:48  Observer  
  55  4:55  Stalker  
  55  4:57  Gateway  
  59  5:01  Probe x2 (Chrono Boost)  
  59  5:07  Stalker x2  
  61  5:08  Probe  
  66  5:17  Observer  
  66  5:19  Stalker, Probe  
  68  5:23  Probe  
  68  5:26  Pylon  
  69  5:31  Probe  
  69  5:33  Shield Battery  
  70  5:40  Pylon  
  70  5:41  Pylon  
  70  5:42  Assimilator, Charge (Chrono Boost)  
  70  5:44  Immortal (Chrono Boost)  
  70  5:45  Probe (Chrono Boost)  
  70  5:48  Probe x2 (Chrono Boost)  
  77  5:52  Stalker x2  
  77  5:56  Probe (Chrono Boost)  
  83  6:00  Probe (Chrono Boost)  
  83  6:01  Probe (Chrono Boost)  
  84  6:07  Gateway  
  84  6:08  Gateway  
  84  6:11  Stalker x2  
  88  6:13  Probe  
  93  6:25  Zealot  
  93  6:26  Immortal (Chrono Boost), Zealot  
  93  6:31  Pylon x2  
  97  6:34  Zealot x2  
  101  6:47  Zealot x2  
  101  6:48  Pylon  
  102  6:54  Immortal (Chrono Boost)  
  102  6:59  Zealot x2  
  109  7:01  Probe  
  109  7:03  Forge  
  109  7:07  Gateway  
  110  7:12  Zealot x3  
  116  7:17  Probe  
  116  7:22  Zealot x3  
  121  7:23  Immortal (Chrono Boost)  
  121  7:29  Probe  
  122  7:32  Probe  
  95  7:47  Probe  
  95  7:48  Probe x2  
  96  7:54  Zealot  
  96  7:55  Zealot x4  
  106  8:00  Probe x3, Protoss Ground Weapons Level 1 (Chrono Boost)  
  106  8:01  Observer  
  106  8:04  Forge, Robotics Bay  
  110  8:06  Assimilator  
  110  8:09  Gateway  
  110  8:10  Assimilator  
  110  8:12  Pylon, Probe  
  111  8:14  Pylon  
  111  8:15  Probe  
  112  8:20  Pylon  
  112  8:21  Stalker x4  
  120  8:31  Pylon  
  120  8:34  Probe  
  120  8:38  Probe  
  120  8:48  Colossus (Chrono Boost)  
  120  8:54  Photon Cannon  
  120  8:55  Zealot x4  
  130  8:59  Gateway  
  130  9:00  Gateway  
  130  9:02  Gateway, Nexus  
  134  9:06  Protoss Ground Armor Level 1 (Chrono Boost)  
  134  9:08  Robotics Facility  
  134  9:10  Extended Thermal Lance  
  132  9:27  Photon Cannon  
  132  9:31  Stalker x3  
  136  9:32  Colossus (Chrono Boost)  
  144  9:41  Photon Cannon  
  144  9:44  Gateway  
  144  9:46  Gateway  
  144  9:53  Sentry x5  
  154  10:00  Photon Cannon  
  153  10:11  Colossus (Chrono Boost)  
  159  10:14  Stalker  
  145  10:21  Stalker x3  
  145  10:22  Stalker  
  147  10:34  Zealot x5  
  147  10:35  Zealot  
  152  10:46  Stalker x4  
  152  10:47  Stalker x2  
  165  10:51  Probe (Chrono Boost)  
  165  10:53  Probe (Chrono Boost)  
  168  10:57  Probe (Chrono Boost)  
  168  11:00  Photon Cannon  
  168  11:02  Probe (Chrono Boost), Colossus (Chrono Boost)  
  168  11:03  Photon Cannon  
  169  11:06  Probe (Chrono Boost)  
  169  11:09  Observer  
  177  11:13  Warp Prism (Chrono Boost)  
  177  11:20  Pylon  
  177  11:39  Observer  
  176  11:45  Assimilator  
  182  11:48  Assimilator  
  182  11:50  Colossus (Chrono Boost)  
  182  11:51  Colossus (Chrono Boost)  
  182  11:54  Dark Shrine  
  188  11:58  Templar Archives  
  188  12:03  Nexus  
  188  12:05  Pylon  
  188  12:07  Pylon  
  188  12:11  Probe  
  187  12:28  Zealot  
  187  12:29  Zealot x6  
  181  12:30  Zealot x2  
  181  12:31  Zealot  
Show
View Real Time Build Order
Export as new Build Order

Lanthus Terran 

Build Orders: Reaper Expand 

Get SALT Encoding   

  12  0:00  SCV  
  13  0:12  SCV  
  14  0:17  Supply Depot  
  14  0:24  SCV  
  15  0:38  SCV  
  15  0:40  Barracks  
  16  0:43  Refinery  
  16  0:50  SCV  
  17  1:03  SCV  
  18  1:15  SCV  
  19  1:29  Orbital Command  
  19  1:30  Reaper  
  20  1:43  Command Center  
  20  1:55  SCV  
  21  2:02  Marine  
  21  2:07  SCV  
  23  2:10  Factory  
  23  2:19  Supply Depot  
  23  2:20  Refinery  
  23  2:22  Barracks Reactor  
  23  2:41  SCV  
  24  2:49  Bunker  
  24  2:53  SCV  
  24  2:55  Hellion  
  24  2:56  Starport  
  27  2:58  Marine x2  
  27  3:01  Orbital Command  
  27  3:05  SCV  
  30  3:16  Marine x2  
  30  3:19  SCV  
  32  3:28  SCV  
  32  3:30  Factory Tech Lab  
  32  3:31  SCV  
  34  3:36  Barracks  
  34  3:40  SCV, Marine  
  36  3:43  SCV  
  37  3:52  SCV  
  37  3:55  SCV  
  39  4:00  Marine x2  
  41  4:04  SCV  
  41  4:07  SCV  
  41  4:08  Factory Tech Lab  
  41  4:14  Raven  
  41  4:16  SCV  
  44  4:18  Marine x2  
  44  4:24  Supply Depot x2  
  46  4:32  Barracks  
  46  4:45  Siege Tank, SCV x2, Marine x2  
  53  4:46  Supply Depot  
  53  4:48  Supply Depot  
  53  4:57  SCV  
  54  5:00  SCV  
  54  5:03  Marine x2  
  54  5:05  Refinery  
  54  5:06  Starport Reactor  
  57  5:07  Stimpack  
  57  5:08  Marine  
  57  5:09  SCV  
  59  5:15  Supply Depot  
  59  5:21  Marine  
  61  5:24  Siege Tank  
  63  5:33  Marine  
  64  5:44  Medivac x2  
  64  5:47  SCV x2  
  70  5:50  Marine  
  70  5:51  Marine  
  70  5:55  Command Center  
  72  5:59  Supply Depot, Engineering Bay  
  72  6:05  Marauder  
  72  6:07  Marine, Combat Shield, Marauder  
  72  6:09  Marine  
  72  6:10  Factory Reactor  
  78  6:27  Marine x2  
  84  6:33  Medivac, Marauder x2  
  84  6:38  Refinery  
  86  6:42  Supply Depot, Terran Infantry Weapons Level 1  
  86  6:45  Marine x2  
  88  6:57  SCV x2  
  90  7:05  Marine x2  
  90  7:06  Medivac, Widow Mine x2, Marauder x2  
  102  7:09  SCV x2  
  104  7:22  Barracks  
  104  7:23  Marine x2  
  104  7:26  Barracks  
  104  7:27  Widow Mine, Marauder x2  
  68  7:53  Marine x2  
  68  7:54  Medivac x2, Widow Mine x2, Marauder x2  
  82  8:01  Supply Depot  
  82  8:03  Supply Depot  
  82  8:04  Orbital Command  
  82  8:05  SCV x2  
  84  8:17  SCV x2  
  86  8:26  Marine  
  86  8:27  Marine, Marauder  
  86  8:28  Barracks Tech Lab, Marauder  
  86  8:29  Barracks Reactor  
  86  8:33  Ghost Academy  
  92  8:37  Engineering Bay  
  92  8:39  Terran Infantry Armor Level 1  
  92  8:44  Armory  
  92  8:45  Supply Depot  
  91  8:49  SCV x2, Marine x2  
  91  8:50  Medivac, Marauder x2  
  91  8:51  Widow Mine x2  
  91  8:55  Marauder  
  107  8:59  Supply Depot, SCV  
  107  9:01  SCV x2  
  110  9:11  SCV  
  110  9:12  Widow Mine, Marauder  
  110  9:14  Marine  
  110  9:15  Marine x3, Marauder  
  110  9:16  Marauder  
  110  9:17  Widow Mine  
  123  9:30  Medivac x2  
  127  9:31  SCV x3  
  127  9:32  Marine x2  
  127  9:33  Widow Mine, Marauder  
  127  9:37  Marauder  
  138  9:43  SCV  
  139  9:51  Marine x2  
  139  9:52  Marine x2, Marauder  
  145  9:54  Marauder  
  145  9:57  Marine  
  148  10:01  Refinery  
  148  10:02  Refinery  
  117  10:42  Unknown  
  106  10:45  Unknown  
  106  10:47  Marine x2  
  106  10:48  Marauder x3  
  106  10:49  Marine, Widow Mine x2  
  116  10:50  Marine  
  116  10:55  Starport  
  116  10:56  Liberator x2  
  120  11:03  SCV x3  
  123  11:10  Marine x3  
  123  11:11  Marauder  
  132  11:13  Widow Mine x2  
  132  11:15  SCV  
  137  11:25  Factory  
  137  11:32  Marauder  
  137  11:35  Marine x3  
  137  11:36  Marine  
  137  11:37  Unknown, Widow Mine x2  
  137  11:38  Unknown, Marauder  
  149  11:41  Starport Reactor  
  149  11:44  Fusion Core  
  149  12:01  Supply Depot x2  
  149  12:02  Supply Depot x2  
  149  12:04  Marine x6  
  149  12:06  Unknown  
Tags
 
Add a new tag
Caveats
  • Supply blocks, unpowered buildings, or Contaminate may cause inaccurate times.
  • Supply counts are checked every 10 seconds.